Workbook
Name \a: #REF!
Name \b: #REF!
Name \c: #REF!
Name \l: #REF!
Name A_impresión_IM: #REF!
Name aiu_mat: [1]PRESUPUESTO!$AD$891
Name campamentos: [1]PRESUPUESTO!$AD$883
Name CUAESTRUCT: #REF!
Name CUAPRUEBAS: #REF!
Name equipos: [1]PRESUPUESTO!$AD$876
Name FM: #REF!
Name FMA: #REF!
Name FMB: #REF!
Name FMC: #REF!
Name FMD: #REF!
Name FME: #REF!
Name gastos_contrato: [1]PRESUPUESTO!$AD$885
Name herramientas: [1]PRESUPUESTO!$AD$878
Name INDI1: #REF!
Name inst_provis: [1]PRESUPUESTO!$AD$882
Name mano_obra_apoyo: [1]PRESUPUESTO!$AD$881
Name mano_obra_direccion: [1]PRESUPUESTO!$AD$880
Name mano_obra_directa: [1]PRESUPUESTO!$AD$872
Name materiales: [1]PRESUPUESTO!$AD$873
Name MOD: #REF!
Name obser: [2]BD_SITP_08!$AP:$AV
Name sdbfgfdgh: #REF!
Name sdfwg: #REF!
Name SEM_02: #N/A
Name servicios: [1]PRESUPUESTO!$AD$884
Name SMLMV: #REF!
Name subcontratos: [1]PRESUPUESTO!$AD$877
Name total_hh: [1]PRESUPUESTO!$AC$327
Name valor_final: #REF!

Sheet PROPUESTA ECONOMICA
A1: FONDO DE DESARROLLO LOCAL DE USME
A2: FORMATO PROPUESTA ECONÓMICA
A3: SELECCIÓN POR SUBASTA INVERSA
A4: FDLUSME-SASI-030-2024
A7: OBJETO DEL CONTRATO | D7: CONTRATAR LA ADQUISICIÓN DE ELEMENTOS Y SERVICIOS REQUERIDOS QUE FOMENTEN LA PROTECCIÓN Y ATENCIÓN EN URGENCIAS VETERINARIAS ASÍ COMO LAS ACCIONES DE ESTERILIZACIÓN EN LA LOCALIDAD DE USME.
A9: PRESUPUESTO OFICIAL | D9: 915855152
A11: No. | B11: PRODUCTO Y/O SERVICIO | C11: DESCRIPCIÓN | D11: Unidad de Medida | E11: Cant. | F11: VALOR UNITARIO DE REFERENCIA ENTIDAD ESTATAL (Antes de IVA) | G11: IVA | H11: VALOR UNITARIO DE REFERENCIA ENTIDAD ESTATAL (IVA Incluido) | I11: VALOR TOTAL (Antes de IVA) | J11: VALOR TOTAL (IVA Incluido) | K11: Precio UNITARIO OFERTADO (Antes de IVA) | L11: IVA (Indicar el valor si aplica) | M11: VALOR UNITARIO OFERTADO (IVA Incluido) | N11: Precio TOTAL OFERTADO (IVA Incluido) | O11: VALOR TOTAL OFERTADO (Antes de IVA) | P11: VALIDACIÓN DE LA OFERTA PRESENTADA
A12: 1 | B12: URGENCIA | C12: URGENCIAS VETERINARIAS | D12: GLOBAL | E12: 1 | F12: ='NO MODIFICABLES'!F2 -> 125437850 | G12: ='NO MODIFICABLES'!G2 -> 23833192 | H12: =F12+G12 -> 149271042 | I12: =H12 -> 149271042 | J12: =I12*E12 -> 149271042 | K12: 125437850 | L12: 23833192 | M12: =L12+K12 -> 149271042 | N12: =M12*E12 -> 149271042 | O12: =K12*E12 -> 125437850 | P12: =IF(M12>H12,"REVISAR PROPUESTA","OK") -> OK
A13: 2 | B13: APOYO Y FORTALECIMIENTO | C13: APOYO Y FORTALECIMIENTO A LOS HOGARES DE PASO, REFUGIOS, ALBERGUES Y FUNDACIONES: (ALIMENTO PARA CANINOS Y FELINOS) | D13: GLOBAL | E13: 1 | F13: ='NO MODIFICABLES'!F3 -> 50420168 | G13: ='NO MODIFICABLES'!G3 -> 9579832 | H13: =F13+G13 -> 60000000 | I13: ='NO MODIFICABLES'!F3 -> 50420168 | J13: =E13*H13 -> 60000000 | K13: 50420168 | L13: 9579832 | M13: =L13+K13 -> 60000000 | N13: =M13*E13 -> 60000000 | O13: =K13*E13 -> 50420168 | P13: =IF(M13>H13,"REVISAR PROPUESTA","OK") -> OK
A14: 3 | B14: RECURSO HUMANO | C14: Coordinador(a) General | D14: MES | E14: 9 | F14: 7000000 | G14: 0 | H14: =G14+F14 -> 7000000 | I14: =F14*E14 -> 63000000 | J14: =I14 -> 63000000 | K14: 3950000 | L14: 0 | M14: =L14+K14 -> 3950000 | N14: =_xlfn.CEILING.MATH(M14*E14) -> 35550000 | O14: =E14*K14 -> 35550000 | P14: =IF(M14>H14,"REVISAR PROPUESTA","OK") -> OK
A15: 4 | B15: RECURSO HUMANO | C15: Apoyo administrativo | D15: MES | E15: 9 | F15: 2500000 | G15: 0 | H15: =G15+F15 -> 2500000 | I15: =F15*E15 -> 22500000 | J15: =I15 -> 22500000 | K15: 2000000 | L15: 0 | M15: =L15+K15 -> 2000000 | N15: =_xlfn.CEILING.MATH(M15*E15) -> 18000000 | O15: =E15*K15 -> 18000000 | P15: =IF(M15>H15,"REVISAR PROPUESTA","OK") -> OK
A16: 5 | B16: RECURSO HUMANO | C16: Seis (6) Auxiliares Logístico Animalista | D16: # OPERARIO / MES | E16: 54 | F16: 1700000 | G16: 0 | H16: =G16+F16 -> 1700000 | I16: =F16*E16 -> 91800000 | J16: =I16 -> 91800000 | K16: 1700000 | L16: 0 | M16: =L16+K16 -> 1700000 | N16: =_xlfn.CEILING.MATH(M16*E16) -> 91800000 | O16: =E16*K16 -> 91800000 | P16: =IF(M16>H16,"REVISAR PROPUESTA","OK") -> OK
A17: 6 | B17: PAPELERIA | C17: Fotocopias | D17: UNIDAD | E17: 2840 | F17: 252 | G17: 48 | H17: =F17+G17 -> 300 | I17: =F17*E17 -> 715680 | J17: =H17*E17 -> 852000 | K17: 252 | L17: 48 | M17: =L17+K17 -> 300 | N17: =_xlfn.CEILING.MATH(M17*E17) -> 852000 | O17: =E17*K17 -> 715680 | P17: =IF(M17>H17,"REVISAR PROPUESTA","OK") -> OK
A18: 7 | B18: PUBLICIDAD | C18: Afiches 1/4 | D18: UNIDAD | E18: 200 | F18: 2521 | G18: 479 | H18: =F18+G18 -> 3000 | I18: =F18*E18 -> 504200 | J18: =H18*E18 -> 600000 | K18: 2521 | L18: 479 | M18: =L18+K18 -> 3000 | N18: =_xlfn.CEILING.MATH(M18*E18) -> 600000 | O18: =E18*K18 -> 504200 | P18: =IF(M18>H18,"REVISAR PROPUESTA","OK") -> OK
A19: 8 | B19: COMPONENTE 1: ESTERILIZACIONES CANINOS Y FELINOS | C19: UNIDADES MÓVILES | D19: UNIDAD | E19: 26 | F19: 846920 | G19: 160915 | H19: =F19+G19 -> 1007835 | I19: =F19*E19 -> 22019920 | J19: =H19*E19 -> 26203710 | K19: 500000 | L19: 95000 | M19: =L19+K19 -> 595000 | N19: =_xlfn.CEILING.MATH(M19*E19) -> 15470000 | O19: =E19*K19 -> 13000000 | P19: =IF(M19>H19,"REVISAR PROPUESTA","OK") -> OK
A20: 9 | B20: COMPONENTE 1: ESTERILIZACIONES CANINOS Y FELINOS | C20: PROCEDIMIENTO DE ESTERILIZACIÓN | D20: UNIDAD | E20: 2600 | F20: 162129 | G20: 30805 | H20: =F20+G20 -> 192934 | I20: =F20*E20 -> 421535400 | J20: =H20*E20 -> 501628400 | K20: 107600 | L20: 20444 | M20: =L20+K20 -> 128044 | N20: =_xlfn.CEILING.MATH(M20*E20) -> 332914400 | O20: =E20*K20 -> 279760000 | P20: =IF(M20>H20,"REVISAR PROPUESTA","OK") -> OK
A21: 10 | B21: COMPONENTE 2: URGENCIAS VETERINARIAS | C21: Consulta clinica general por paciente: incluye exploración clínica veterinaria completa, diligenciamiento de formato físico, papelería, personal necesario para la atención, transporte de caninos o felinos con urgencia vital que requieran ser recogidos en cualquier punto de la localidad y dirigido a la clinica veterinaria definida para su atención. El servicio debe estar disponible 24/7. Se debe dar respuesta de atencion eón sitio en menos de 30 min a partir de la solicitud del servicio. Incluye trayecto desde la recogida a veterinaria. | D21: UNIDAD | E21: 1 | F21: 100128 | G21: 19024 | H21: =F21+G21 -> 119152 | I21: =F21*E21 -> 100128 | J21: =H21*E21 -> 119152 | K21: 100128 | L21: 19024 | M21: =L21+K21 -> 119152 | N21: =_xlfn.CEILING.MATH(M21*E21) -> 119152 | O21: Precio referencia para ejecución | P21: =IF(M21>H21,"REVISAR PROPUESTA","OK") -> OK
A22: 11 | B22: COMPONENTE 2: URGENCIAS VETERINARIAS | C22: UNIDAD DE CUIDADOS INTENSIVOS DIARIA PACIENTE ALLA GRANDE (>25 KG | D22: UNIDAD | E22: 1 | F22: 353048 | G22: 67079 | H22: =F22+G22 -> 420127 | I22: =F22*E22 -> 353048 | J22: =H22*E22 -> 420127 | K22: 353048 | L22: 67079 | M22: =L22+K22 -> 420127 | N22: =_xlfn.CEILING.MATH(M22*E22) -> 420127 | O22: Precio referencia para ejecución | P22: =IF(M22>H22,"REVISAR PROPUESTA","OK") -> OK
A23: 12 | B23: COMPONENTE 2: URGENCIAS VETERINARIAS | C23: UNIDAD DE CUIDADOS INTENSIVOS DIARIA PACIENTE TALLA MEDIANA (>10 KG - 25 KG) | D23: UNIDAD | E23: 1 | F23: 320355 | G23: 60868 | H23: =F23+G23 -> 381223 | I23: =F23*E23 -> 320355 | J23: =H23*E23 -> 381223 | K23: 320355 | L23: 60868 | M23: =L23+K23 -> 381223 | N23: =_xlfn.CEILING.MATH(M23*E23) -> 381223 | O23: Precio referencia para ejecución | P23: =IF(M23>H23,"REVISAR PROPUESTA","OK") -> OK
A24: 13 | B24: COMPONENTE 2: URGENCIAS VETERINARIAS | C24: UNIDAD DE CUIDADOS INTENSIVOS DIARIA PACIENTE TALLA PEQUEÑA (0 KG – 10 KG | D24: UNIDAD | E24: 1 | F24: 275312 | G24: 52309 | H24: =F24+G24 -> 327621 | I24: =F24*E24 -> 275312 | J24: =H24*E24 -> 327621 | K24: 275312 | L24: 52309 | M24: =L24+K24 -> 327621 | N24: =_xlfn.CEILING.MATH(M24*E24) -> 327621 | O24: Precio referencia para ejecución | P24: =IF(M24>H24,"REVISAR PROPUESTA","OK") -> OK
A25: 14 | B25: COMPONENTE 2: URGENCIAS VETERINARIAS | C25: SEDACIÓN PACIENTE TALLA GRANDE (>25 KG) | D25: UNIDAD | E25: 1 | F25: 225172 | G25: 42783 | H25: =F25+G25 -> 267955 | I25: =F25*E25 -> 225172 | J25: =H25*E25 -> 267955 | K25: 225172 | L25: 42783 | M25: =L25+K25 -> 267955 | N25: =_xlfn.CEILING.MATH(M25*E25) -> 267955 | O25: Precio referencia para ejecución | P25: =IF(M25>H25,"REVISAR PROPUESTA","OK") -> OK
A26: 15 | B26: COMPONENTE 2: URGENCIAS VETERINARIAS | C26: SEDACIÓN PACIENTE TALLA MEDIANA (>10 KG - 25 KG) | D26: UNIDAD | E26: 1 | F26: 200653 | G26: 38124 | H26: =F26+G26 -> 238777 | I26: =F26*E26 -> 200653 | J26: =H26*E26 -> 238777 | K26: 200653 | L26: 38124 | M26: =L26+K26 -> 238777 | N26: =_xlfn.CEILING.MATH(M26*E26) -> 238777 | O26: Precio referencia para ejecución | P26: =IF(M26>H26,"REVISAR PROPUESTA","OK") -> OK
A27: 16 | B27: COMPONENTE 2: URGENCIAS VETERINARIAS | C27: SEDACIÓN PACIENTE TALLA PEQUEÑA (0 KG – 10 KG) | D27: UNIDAD | E27: 1 | F27: 182332 | G27: 34643 | H27: =F27+G27 -> 216975 | I27: =F27*E27 -> 182332 | J27: =H27*E27 -> 216975 | K27: 182332 | L27: 34643 | M27: =L27+K27 -> 216975 | N27: =_xlfn.CEILING.MATH(M27*E27) -> 216975 | O27: Precio referencia para ejecución | P27: =IF(M27>H27,"REVISAR PROPUESTA","OK") -> OK
A28: 17 | B28: COMPONENTE 2: URGENCIAS VETERINARIAS | C28: EUTANASIA PACIENTE TALLA GRANDE (>25 KG) | D28: UNIDAD | E28: 1 | F28: 241655 | G28: 45915 | H28: =F28+G28 -> 287570 | I28: =F28*E28 -> 241655 | J28: =H28*E28 -> 287570 | K28: 241655 | L28: 45915 | M28: =L28+K28 -> 287570 | N28: =_xlfn.CEILING.MATH(M28*E28) -> 287570 | O28: Precio referencia para ejecución | P28: =IF(M28>H28,"REVISAR PROPUESTA","OK") -> OK
A29: 18 | B29: COMPONENTE 2: URGENCIAS VETERINARIAS | C29: EUTANASIA PACIENTE TALLA MEDIANA (>10 KG - 25 KG) | D29: UNIDAD | E29: 1 | F29: 221912 | G29: 42163 | H29: =F29+G29 -> 264075 | I29: =F29*E29 -> 221912 | J29: =H29*E29 -> 264075 | K29: 221912 | L29: 42163 | M29: =L29+K29 -> 264075 | N29: =_xlfn.CEILING.MATH(M29*E29) -> 264075 | O29: Precio referencia para ejecución | P29: =IF(M29>H29,"REVISAR PROPUESTA","OK") -> OK
A30: 19 | B30: COMPONENTE 2: URGENCIAS VETERINARIAS | C30: EUTANASIA PACIENTE TALLA PEQUEÑA (0 KG – 10 KG | D30: UNIDAD | E30: 1 | F30: 242161 | G30: 288171 | H30: =F30+G30 -> 530332 | I30: =F30*E30 -> 242161 | J30: =H30*E30 -> 530332 | K30: 242161 | L30: 288171 | M30: =L30+K30 -> 530332 | N30: =_xlfn.CEILING.MATH(M30*E30) -> 530332 | O30: Precio referencia para ejecución | P30: =IF(M30>H30,"REVISAR PROPUESTA","OK") -> OK
A31: 20 | B31: COMPONENTE 2: URGENCIAS VETERINARIAS | C31: HOSPITALIZACIÓN DIARIA PACIENTE TALLA GRANDE (>25 KG) | D31: UNIDAD | E31: 1 | F31: 230819 | G31: 43856 | H31: =F31+G31 -> 274675 | I31: =F31*E31 -> 230819 | J31: =H31*E31 -> 274675 | K31: 230819 | L31: 43856 | M31: =L31+K31 -> 274675 | N31: =_xlfn.CEILING.MATH(M31*E31) -> 274675 | O31: Precio referencia para ejecución | P31: =IF(M31>H31,"REVISAR PROPUESTA","OK") -> OK
A32: 21 | B32: COMPONENTE 2: URGENCIAS VETERINARIAS | C32: HOSPITALIZACIÓN DIARIA PACIENTE TALLA MEDIANA (>10 KG – 25 KG) | D32: UNIDAD | E32: 1 | F32: 207356 | G32: 39398 | H32: =F32+G32 -> 246754 | I32: =F32*E32 -> 207356 | J32: =H32*E32 -> 246754 | K32: 207356 | L32: 39398 | M32: =L32+K32 -> 246754 | N32: =_xlfn.CEILING.MATH(M32*E32) -> 246754 | O32: Precio referencia para ejecución | P32: =IF(M32>H32,"REVISAR PROPUESTA","OK") -> OK
... A49: 38 | B49: COMPONENTE 2: URGENCIAS VETERINARIAS | C49: CULTIVO PARA HONGOS | D49: UNIDAD | E49: 1 | F49: 170991 | G49: 32448 | H49: =F49+G49 -> 203439 | I49: =F49*E49 -> 170991 | J49: =H49*E49 -> 203439 | K49: 170991 | L49: 32448 | M49: =L49+K49 -> 203439 | N49: =_xlfn.CEILING.MATH(M49*E49) -> 203439 | O49: Precio referencia para ejecución | P49: =IF(M49>H49,"REVISAR PROPUESTA","OK") -> OK
A50: 39 | B50: COMPONENTE 2: URGENCIAS VETERINARIAS | C50: CULTIVO PARA SECRECIONES CON RECUENTO DE COLONIAS + ANTIBIOGRAMA | D50: UNIDAD | E50: 1 | F50: =ROUND(H50/1.19,0) -> 168833 | G50: =H50-F50 -> 32078 | H50: 200911 | I50: =F50*E50 -> 168833 | J50: =H50*E50 -> 200911 | K50: 168833 | L50: 32078 | M50: =L50+K50 -> 200911 | N50: =_xlfn.CEILING.MATH(M50*E50) -> 200911 | O50: Precio referencia para ejecución | P50: =IF(M50>H50,"REVISAR PROPUESTA","OK") -> OK
A51: 40 | B51: COMPONENTE 2: URGENCIAS VETERINARIAS | C51: DISTEMPER CANINO (CROMATOGRAFÍA DETECCIÓN DE ANTÍGENO) | D51: UNIDAD | E51: 1 | F51: =ROUND(H51/1.19,0) -> 109371 | G51: =H51-F51 -> 20781 | H51: 130152 | I51: =F51*E51 -> 109371 | J51: =H51*E51 -> 130152 | K51: 109371 | L51: 20781 | M51: =L51+K51 -> 130152 | N51: =_xlfn.CEILING.MATH(M51*E51) -> 130152 | O51: Precio referencia para ejecución | P51: =IF(M51>H51,"REVISAR PROPUESTA","OK") -> OK
A52: 41 | B52: COMPONENTE 2: URGENCIAS VETERINARIAS | C52: DISTEMPER CANINO (PCR ISOTÉRMICA) | D52: UNIDAD | E52: 1 | F52: =ROUND(H52/1.19,0) -> 369624 | G52: =H52-F52 -> 70228 | H52: 439852 | I52: =F52*E52 -> 369624 | J52: =H52*E52 -> 439852 | K52: 369624 | L52: 70228 | M52: =L52+K52 -> 439852 | N52: =_xlfn.CEILING.MATH(M52*E52) -> 439852 | O52: Precio referencia para ejecución | P52: =IF(M52>H52,"REVISAR PROPUESTA","OK") -> OK
A53: 42 | B53: COMPONENTE 2: URGENCIAS VETERINARIAS | C53: FOSFATASA ALCALINA | D53: UNIDAD | E53: 1 | F53: =ROUND(H53/1.19,0) -> 44125 | G53: =H53-F53 -> 8384 | H53: 52509 | I53: =F53*E53 -> 44125 | J53: =H53*E53 -> 52509 | K53: 44125 | L53: 8384 | M53: =L53+K53 -> 52509 | N53: =_xlfn.CEILING.MATH(M53*E53) -> 52509 | O53: Precio referencia para ejecución | P53: =IF(M53>H53,"REVISAR PROPUESTA","OK") -> OK
A54: 43 | B54: COMPONENTE 2: URGENCIAS VETERINARIAS | C54: FROTIS PARA HEMOPARÁSITOS | D54: UNIDAD | E54: 1 | F54: =ROUND(H54/1.19,0) -> 44263 | G54: =H54-F54 -> 8410 | H54: 52673 | I54: =F54*E54 -> 44263 | J54: =H54*E54 -> 52673 | K54: 44263 | L54: 8410 | M54: =L54+K54 -> 52673 | N54: =_xlfn.CEILING.MATH(M54*E54) -> 52673 | O54: Precio referencia para ejecución | P54: =IF(M54>H54,"REVISAR PROPUESTA","OK") -> OK
A55: 44 | B55: COMPONENTE 2: URGENCIAS VETERINARIAS | C55: GAMA GLUTAMIL TRANSFERASA (GGT | D55: UNIDAD | E55: 1 | F55: =ROUND(H55/1.19,0) -> 40039 | G55: =H55-F55 -> 7607 | H55: 47646 | I55: =F55*E55 -> 40039 | J55: =H55*E55 -> 47646 | K55: 40039 | L55: 7607 | M55: =L55+K55 -> 47646 | N55: =_xlfn.CEILING.MATH(M55*E55) -> 47646 | O55: Precio referencia para ejecución | P55: =IF(M55>H55,"REVISAR PROPUESTA","OK") -> OK
A56: 45 | B56: COMPONENTE 2: URGENCIAS VETERINARIAS | C56: GLICEMIA | D56: UNIDAD | E56: 1 | F56: =ROUND(H56/1.19,0) -> 39992 | G56: =H56-F56 -> 7599 | H56: 47591 | I56: =F56*E56 -> 39992 | J56: =H56*E56 -> 47591 | K56: 39992 | L56: 7599 | M56: =L56+K56 -> 47591 | N56: =_xlfn.CEILING.MATH(M56*E56) -> 47591 | O56: Precio referencia para ejecución | P56: =IF(M56>H56,"REVISAR PROPUESTA","OK") -> OK
A57: 46 | B57: COMPONENTE 2: URGENCIAS VETERINARIAS | C57: GLICEMIA (CURVA 3 MUESTRAS) | D57: UNIDAD | E57: 1 | F57: =ROUND(H57/1.19,0) -> 93531 | G57: =H57-F57 -> 17771 | H57: 111302 | I57: =F57*E57 -> 93531 | J57: =H57*E57 -> 111302 | K57: 93531 | L57: 17771 | M57: =L57+K57 -> 111302 | N57: =_xlfn.CEILING.MATH(M57*E57) -> 111302 | O57: Precio referencia para ejecución | P57: =IF(M57>H57,"REVISAR PROPUESTA","OK") -> OK
A58: 47 | B58: COMPONENTE 2: URGENCIAS VETERINARIAS | C58: HEMOGRAMA | D58: UNIDAD | E58: 1 | F58: =ROUND(H58/1.19,0) -> 47110 | G58: =H58-F58 -> 8951 | H58: 56061 | I58: =F58*E58 -> 47110 | J58: =H58*E58 -> 56061 | K58: 47110 | L58: 8951 | M58: =L58+K58 -> 56061 | N58: =_xlfn.CEILING.MATH(M58*E58) -> 56061 | O58: Precio referencia para ejecución | P58: =IF(M58>H58,"REVISAR PROPUESTA","OK") -> OK
A59: 48 | B59: COMPONENTE 2: URGENCIAS VETERINARIAS | C59: HISTOPATOLOGÍA DE ÓRGANOS Y TEJIDOS | D59: UNIDAD | E59: 1 | F59: =ROUND(H59/1.19,0) -> 212866 | G59: =H59-F59 -> 40445 | H59: 253311 | I59: =F59*E59 -> 212866 | J59: =H59*E59 -> 253311 | K59: 212866 | L59: 40445 | M59: =L59+K59 -> 253311 | N59: =_xlfn.CEILING.MATH(M59*E59) -> 253311 | O59: Precio referencia para ejecución | P59: =IF(M59>H59,"REVISAR PROPUESTA","OK") -> OK
A60: 49 | B60: COMPONENTE 2: URGENCIAS VETERINARIAS | C60: HORMONA ESTIMULANTE DE TIROIDES (TSH CANINA O FELINA) | D60: UNIDAD | E60: 1 | F60: =ROUND(H60/1.19,0) -> 109602 | G60: =H60-F60 -> 20824 | H60: 130426 | I60: =F60*E60 -> 109602 | J60: =H60*E60 -> 130426 | K60: 109602 | L60: 20824 | M60: =L60+K60 -> 130426 | N60: =_xlfn.CEILING.MATH(M60*E60) -> 130426 | O60: Precio referencia para ejecución | P60: =IF(M60>H60,"REVISAR PROPUESTA","OK") -> OK
A61: 50 | B61: COMPONENTE 2: URGENCIAS VETERINARIAS | C61: INSULINA | D61: UNIDAD | E61: 1 | F61: =ROUND(H61/1.19,0) -> 93669 | G61: =H61-F61 -> 17797 | H61: 111466 | I61: =F61*E61 -> 93669 | J61: =H61*E61 -> 111466 | K61: 93669 | L61: 17797 | M61: =L61+K61 -> 111466 | N61: =_xlfn.CEILING.MATH(M61*E61) -> 111466 | O61: Precio referencia para ejecución | P61: =IF(M61>H61,"REVISAR PROPUESTA","OK") -> OK
... A180: 169 | B180: COMPONENTE 3: APOYO Y FORTALECIMIENTO A LOS HOGARES DE PASO, REFUGIOS, ALBERGUES Y FUNDACIONES: (ALIMENTO PARA CANINOS Y FELINOS) | C180: ALIMENTO PARA GATO CACHORRO | D180: BULTO | E180: 1 | F180: =ROUND(H180/1.19,0) -> 195672 | G180: =H180-F180 -> 37178 | H180: 232850 | I180: =F180*E180 -> 195672 | J180: =H180*E180 -> 232850 | K180: 195672 | L180: 37178 | M180: =L180+K180 -> 232850 | N180: =_xlfn.CEILING.MATH(M180*E180) -> 232850 | O180: Precio referencia para ejecución | P180: =IF(M180>H180,"REVISAR PROPUESTA","OK") -> OK
C182: VALOR TOTAL SUMATORIA DE LOS ITEMS ANTES DE IVA | F182: =SUM(F12:F180) -> 281050713 | I182: =SUM(I12:I20) -> 821766410 | J182: =SUM(J8:J20) -> 915855152 | K182: Valor sumatoria Unitarios | M182: Valor a Evaluar por la Entidad | O182: =SUM(K12:K180) -> 277099264 | P182: =IF(O182>F182,"REVISAR PROPUESTA","OK") -> OK
B184: I M P O R T A N T E: Nota 1: El presente documento deberá ser enviado en formato ".xls" y "pdf" para la evaluación correspondiente a cargo de la Entidad. Nota 2: Las propuestas deben cotizarse en pesos colombianos, incluidos todos los costos directos e indirectos y los impuestos a que haya lugar si aplica para la adecuada ejecución. Nota 3: Los valores unitarios y subtotales no podrán ser mayores a los definidos en el presupuesto oficial. Nota 4: La propuesta económica no debe presentar centavos, por tanto, el proponente deberá aproximarla al peso, ya sea por exceso si es mayor a 0.50, o por defecto si es menor o igual a 0.50. Nota 5: Cuando el proponente no oferte todos los ítems requeridos en la oferta económica estará incurso en causal de rechazo de acuerdo con lo establecido en el presente proceso. Nota 6: Si la propuesta económica presentada por el contratista presenta diferencias y/o modificaciones en aspectos relativos a cantidades o especificaciones técnicas de los ítems a contratar, LA OFERTA SERA RECHAZADA Nota 7: En caso de que el diligenciamiento del cuadro anterior presente errores en las operaciones aritméticas (suma, resta, multiplicación), estos serán corregidos por el Fondo y el valor corregido será de forzosa aceptación por parte del oferente y con este valor corregido se calificara la oferta. (A. Las operaciones aritméticas a que haya lugar en la propuesta económica, cuando exista un error que surja de un cálculo meramente aritmético cuando la operación ha sido erróneamente realizada.) (B. El ajuste al peso ya sea por exceso o por defecto de los precios unitarios contenidos en la propuesta económica y del valor del IVA, así: cuando la fracción decimal del peso sea igual o superior a punto cinco (0.5) se aproximará por exceso al número entero siguiente del peso y cuando la fracción decimal del peso sea inferior a punto cinco (0.5) se aproximará por defecto al número entero) Nota 8: No ofrecer el valor de un precio unitario u ofrecerlo en cero (0) pesos o demostrar que sean artificialmente bajos tanto en precio unitarios como en totales. LA OFERTA SERA RECHAZADA. Nota 9: No presentar oferta económica o presentar más de una oferta económica o realizar un ofrecimiento del IVA diferente al establecido legalmente, sin tener la calidad tributaria que se lo permita. LA OFERTA SERA RECHAZADA Nota 10: Los valores EN CASILLA "TOTAL DE OFERTA PRECIOS UNITARIOS CON IVA INCLUIDO" no podrán ser mayores a los definidos en el presupuesto oficial. LA OFERTA SERA RECHAZADA Nota 11: Los ítems 1 y 2 de la propuesta económica NO SON modificables y el detalle se encuentra en la pestaña "NO MODIFICABLES" del presente anexo. Nota 12: Cuando se presentan ÍTEMS de iguales características técnicas, se deberá diligenciar el mismo valor en toda la oferta; si se presenta la situación de diferencias en los precios de los bienes ofertados, la entidad realizará el ajuste aritmético con el menor valor y este concepto será el relacionado para efectos de la evaluación económica. Nota 13: El proponente deberá diligenciar ÚNICAMENTE las casillas en color amarillo. Nota 14: Las celdas de la N21 a la N180 serán tenidas en cuenta UNICAMENTE para la ejecución del contrato, sin embargo. el proponente DEBERÁ OFERTAR LOS UNITARIOS, para referencia de la Entidad.
B186: NOMBRE DEL PROPONENTE: | D186: Unión Temporal Bienestar Animal Usme
B187: NIT DEL PROPONENTE:
B188: FIRMA DEL REPRESENTANTE LEGAL:
B189: NOMBRE DEL REPRESENTANTE LEGAL: | D189: Cristian Camilo Anchique Caro

Sheet NO MODIFICABLES
A1: ITEM | B1: PRODUCTO Y/O SERVICIO | C1: DESCRIPCIÓN | D1: Unidad de Medida | E1: Cant. | F1: VALOR UNITARIO DE REFERENCIA ENTIDAD ESTATAL (Antes de IVA) | G1: IVA | H1: VALOR UNITARIO DE REFERENCIA ENTIDAD ESTATAL (IVA Incluido) | I1: VALOR TOTAL DE REFERENCIA ENTIDAD ESTATAL (IVA Incluido)
A2: BOLSA | B2: URGENCIA | C2: BOLSAS DE URGENCIA | D2: Global | E2: 1 | F2: =ROUND(H2/1.19,0) -> 125437850 | G2: =H2-F2 -> 23833192 | H2: 149271042 | I2: =H2*E2 -> 149271042
A3: BOLSA | B3: APOYO Y FORTALECIMIENTO | C3: APOYO Y FORTALECIMIENTO A LOS HOGARES DE PASO, REFUGIOS, ALBERGUES Y FUNDACIONES: (ALIMENTO PARA CANINOS Y FELINOS) | D3: Global | E3: 1 | F3: 50420168 | G3: 9579832 | H3: =F3+G3 -> 60000000 | I3: =H3*E3 -> 60000000
A5: ITEMS NO MODIFICABLE | I5: =SUM(I2:I4) -> 209271042
